 Seeded DCSS version 0.27.1-2-g3b301248ec (webtiles) character file.

Game seed: 17848141825139092340 (custom seed)

242 rocky1 the Cudgeller (level 6, 0/93 HPs)
             Began as an Ogre Fighter on Sept 26, 2021.
             Was an Initiate of Okawaru.
             Slain by Purgy (2 damage)
             ... in a sewer.
             The game lasted 00:07:44 (2321 turns).

rocky1 the Cudgeller (Ogre Fighter)                 Turns: 2321, Time: 00:07:44

Health: 0/93       AC:  3    Str: 21    XL:     6   Next: 9%
Magic:  6/6        EV:  8    Int:  9    God:    Okawaru [......]
Gold:   69         SH: 14    Dex: 10    Spells: 5/5 levels left

rFire    . . .     SeeInvis .   a - +0 flail
rCold    . . .     Faith    .   c - +0 kite shield
rNeg     . . .     Spirit   .   b - +0 robe
rPois    .         Reflect  +   (helmet restricted)
rElec    .         Harm     .   (no cloak)
rCorr    .         Rampage  .   (gloves unavailable)
Will     .....                  (boots unavailable)
Stlth    ..........             k - amulet of reflection
HPRegen  0.25/turn              (no ring)
MPRegen  0.10/turn              (no ring)

@: berserking, very quick
A: large, unfitting armour, tough skin 1
a: Renounce Religion


You were in a sewer.
You worshipped Okawaru.
Okawaru was noncommittal.
You visited 2 branches of the dungeon, and saw 7 of its levels.
You also visited: Sewer.

You collected 69 gold pieces.

Inventory:

Hand Weapons
 a - a +0 flail (weapon)
 d - a +0 giant spiked club
Missiles
 l - 14 poisoned darts (quivered)
Armour
 b - a +0 robe (worn)
 c - a +0 kite shield (worn)
Jewellery
 i - an amulet of faith
 k - an amulet of reflection (around neck)
Scrolls
 f - a scroll of immolation {unknown}
 j - 2 scrolls of teleportation {unknown}
 m - a scroll of blinking {unknown}
 o - a scroll of acquirement {unknown}
Potions
 g - a potion of lignification {unknown}
 h - a potion of degeneration {unknown}
 n - a potion of attraction {unknown}
 p - a potion of mutation {unknown}


   Skills:
 - Level 4.0 Fighting
 + Level 5.1 Maces & Flails
 - Level 2.6 Dodging
 + Level 3.5 Shields


You had 5 spell levels left.
You didn't know any spells.
Your spell library was empty.

Dungeon Overview and Level Annotations

Branches:
Dungeon (6/15)             Temple (1/1) D:4           Sewer (1/1)

Altars:
Fedhas
Makhleb
Okawaru
Ru
Vehumet
Xom

Annotations:
D:2 Sigmund Sewer Purgy


Innate Abilities, Weirdness & Mutations

You are too large for most types of armour.
You have tough skin. (AC +1)


Message History

Your shield prevents you from hitting Purgy.
Purgy is heavily wounded.
The frilled lizard bites you but does no damage.
You block Purgy's attack. Purgy claws you. x2
* * * LOW HITPOINT WARNING * * *
You block the frilled lizard's attack.
The frilled lizard bites you but does no damage.
You sock Purgy!
Purgy is severely wounded.
Purgy bites you!
* * * LOW HITPOINT WARNING * * *
You block Purgy's attack. Purgy claws you but does no damage.
The frilled lizard bites you but does no damage.
You block the frilled lizard's attack. Purgy closely misses you.
Purgy claws you.
* * * LOW HITPOINT WARNING * * *
Purgy claws you.
* * * LOW HITPOINT WARNING * * *
It was a potion of berserk rage.
A red film seems to cover your vision as you go berserk!
You feel yourself moving faster!
You feel mighty!
You block the frilled lizard's attack. x2; Purgy bites you.
* * * LOW HITPOINT WARNING * * *
Purgy claws you but does no damage. Purgy claws you.
* * * LOW HITPOINT WARNING * * *
You thump Purgy!
Purgy is almost dead.
You block the frilled lizard's attack.
The frilled lizard bites you but does no damage.
Purgy bites you.
* * * LOW HITPOINT WARNING * * *
Purgy claws you but does no damage. You block Purgy's attack.
You closely miss Purgy.
Purgy is severely wounded.
You block the frilled lizard's attack. x2
You barely miss Purgy.
Purgy is severely wounded.
Purgy snarls, "My home!
Leave!"
You block Purgy's attack. Purgy claws you.
You die...

#≈≈≈≈≈≈≈≈≈≈.#
#≈≈≈≈≈≈≈≈≈≈.
≈≈≈≈≈≈≈≈≈≈≈#
≈≈≈≈≈≈≈≈≈.. #≈≈≈≈≈≈≈≈.
#≈≈≈≈≈≈l≈ #≈≈≈≈≈lT#
≈≈≈≈≈≈l@# ≈≈≈≈≈≈≈.##
#≈≈≈≈≈≈≈.###
#≈≈≈≈≈≈≈≈#.#
#≈≈≈≈≈≈≈≈≈.##
≈≈≈≈≈≈≈≈≈≈≈≈###
#≈≈≈≈≈≈≈≈≈≈≈#.#
≈≈≈≈≈≈≈≈≈≈≈≈†.######
#≈≈≈≈≈≈≈≈≈≈≈.≈.##∩∩###


You could see Purgy and 3 frilled lizards.

Vanquished Creatures
  An ogre (D:4)
  Natasha (thrice) (D:2)
  A hound skeleton (D:4)
  2 adders
  A worm (D:2)
  3 dart slugs
  4 orcs (D:4)
  7 ball pythons
  6 endoplasms
  A giant cockroach (D:1)
  3 goblins
  2 hobgoblins (D:4)
  A quokka (D:3)
  A bat (D:2)
  A frilled lizard (D:1)
  4 kobolds (D:1)
  A rat (D:1)
42 creatures vanquished.

Notes
Turn   | Place    | Note
-------+----------+-------------------------------------------
     0 | D:1      | rocky1 the Ogre Fighter began the quest for the Orb.
     0 | D:1      | Reached XP level 1. HP: 24/24 MP: 1/1
    35 | D:1      | Reached skill level 2 in Maces & Flails
    83 | D:1      | Reached XP level 2. HP: 32/32 MP: 2/2
  1114 | D:2      | Noticed Natasha
  1123 | D:2      | Killed Natasha
  1124 | D:2      | Reached skill level 3 in Maces & Flails
  1124 | D:2      | Reached XP level 3. HP: 39/39 MP: 3/3
  1333 | D:2      | Noticed Natasha
  1349 | D:2      | Killed Natasha
  1350 | D:2      | Reached skill level 4 in Maces & Flails
  1350 | D:2      | Reached XP level 4. HP: 24/48 MP: 4/4
  1453 | D:2      | Noticed Natasha
  1461 | D:2      | Killed Natasha
  1584 | D:2      | Noticed a golden eye
  1586 | D:2      | Found a faded altar of an unknown god.
  1588 | D:2      | Noticed a great orb of eyes
  1650 | D:2      | Noticed Sigmund
  1747 | D:3      | You fall into a shaft and drop 3 floors!
  1763 | D:5      | Entered Level 5 of the Dungeon
  1792 | D:4      | Found a staircase to the Ecumenical Temple.
  1799 | D:4      | Reached XP level 5. HP: 52/54 MP: 5/5
  1810 | Temple   | Entered the Ecumenical Temple
  1816 | Temple   | Became a worshipper of Warmaster Okawaru
  1831 | D:4      | Noticed an ogre
  1840 | D:4      | Killed an ogre
  2108 | D:4      | Reached skill level 5 in Maces & Flails
  2200 | D:4      | Reached XP level 6. HP: 57/62 MP: 6/6
  2274 | D:4      | Found a glowing drain.
  2279 | Sewer    | Entered a sewer
  2304 | Sewer    | Noticed Purgy
  2318 | Sewer    | HP: 4/93 [Purgy (2)]
  2321 | Sewer    | Slain by Purgy

Illustrated notes

Levels and vault maps discovered:
D:1:      onia_arrival_handbag, layout_basic
D:2:      layout_basic, hellmonk_ecumenical_altar_watching_god, st_stairs_11,
          minmay_misc_feat_four_crosses, uniq_sigmund, uniq_natasha
D:3:      layout_basic, nicolae_qazlal_eye_of_the_storm, general_overflow_altar,
          minmay_increasing_density, uniq_terence
D:4:      layout_basic, minmay_temple_entry_slanted, serial_shops,
          shop_fountains, portal_sewer_entry_e, amcnicky_mini_corridor_feature,
          chequers_decorated_corner, hangedman_decor_slide_cut,
          chequers_serial_rivers_micro_b, kennysheep_generic_room_5, uniq_ijyb,
          uniq_pikel, uniq_edmund
D:5:      kb_forest_paths, layout_loops_ring, minmay_misc_feat_chi, uniq_grinder
D:6:      layout_loops_cross
Temple:   eino_temple_rhombus
Sewer:    sewer_co_purgy_island

Skill      XL: |  1  2  3  4  5 |
---------------+----------------+-----
Maces & Flails | 2 3 4 5 |  5.1
Shields        | 3 |  3.5
Fighting       | |  4.0
Dodging        | |  2.6

Action                   |  1- 3 |  4- 6 || total
-------------------------+-------+-------++-------
Melee: Flail             |    53 |    83 ||   136
Throw: Dart              |     1 |     5 ||     6
  Use: Potion            |       |     2 ||     2
 Stab: Sleeping          |     1 |       ||     1
Armor: Robe              |    16 |    25 ||    41
Dodge: Dodged            |    12 |    21 ||    33
Block: Kite shield       |    22 |    75 ||    97
       Reflection        |       |     1 ||     1
